 Dungeon Crawl Stone Soup version 0.29.1-1-gd02db6906a (webtiles) character file.

Game seed: 13018796652107353292

96 raistware the Conjurer (level 4, 0/27 HPs)
             Began as an Octopode Conjurer on Sept 15, 2022.
             Slain by a gnoll
             ... wielding a +0 flail
              (14 damage)
             ... on level 2 of the Dungeon.
             The game lasted 00:02:41 (2623 turns).

raistware the Conjurer (Octopode Conjurer)          Turns: 2623, Time: 00:02:41

Health: 0/27       AC:  1    Str:  6    XL:     4   Next: 67%
Magic:  1/10       EV: 13    Int: 22    God:
Gold:   37         SH:  0    Dex: 10    Spells: 10/11 levels left

rFire   . . .      SeeInvis .   g - staff of air
rCold   . . .      Faith    .   (no shield)
rNeg    . . .      Spirit   .   (helmet restricted)
rPois   .          Reflect  .   (no amulet)
rElec   +          Harm     .   (no ring)
rCorr   .          Rampage  .   (no ring)
Will    .....                   (no ring)
Stlth   +++.......              (no ring)
HPRegen 0.09/turn               (no ring)
MPRegen 0.12/turn               (no ring)
                                (no ring)
                                (no ring)

@: no status effects
A: almost no armour, amphibious, 8 rings, camouflage 1, gelatinous body 1,
(nimble swimmer 1), tentacles
a: no special abilities


You were on level 2 of the Dungeon.
You visited 1 branch of the dungeon, and saw 2 of its levels.

You collected 47 gold pieces.
You spent 10 gold pieces at shops.

Inventory:

Magical Staves
 g - a staff of air (weapon)
Scrolls
 d - 2 scrolls of noise {unknown}
 f - a scroll of identify {unknown}
 h - a scroll of teleportation {unknown}
Potions
 a - 2 potions of magic
 b - a potion of attraction {unknown}
 c - a potion of might {unknown}
 e - 2 potions of ambrosia {unknown}


   Skills:
 - Level 2.0 Dodging
 - Level 2.6 Stealth
 - Level 4.0 Spellcasting
 - Level 4.0 Conjurations
 + Level 1.7 Translocations


You had 10 spell levels left.
You knew the following spells:

 Your Spells              Type           Power      Damage    Failure   Level
a - Magic Dart            Conj           88%        1d7       2%          1

Your spell library contained the following spells:

 Spells                   Type           Power      Damage    Failure   Level
 Searing Ray              Conj           44%        2d6       3%          2
 Dazzling Flash           Conj/Hex       26%        N/A       14%         3
 Iskenderun's Mystic Bla  Conj/Tloc      17%        2d5       34%         4
 Fulminant Prism          Conj/Hex       6%         3d7       43%         4


Dungeon Overview and Level Annotations

Branches:
Dungeon (2/15)

Altars:

Shops:
D:2 !:


Innate Abilities, Weirdness & Mutations

You cannot wear most types of armour.
You are amphibious.
You can wear up to eight rings at the same time.
Your skin changes colour to match your surroundings (Stealth+).
Your rubbery body absorbs attacks. (AC +1, EV +1)
((You are camouflaged when in or above water. (Stealth+)))
You have tentacles for arms and can constrict up to eight enemies at once.


Message History

The magic dart hits the gnoll.
The gnoll is moderately wounded.
The magic dart hits the gnoll.
The gnoll is moderately wounded.
A ball python comes into view.
The magic dart hits the gnoll.
The gnoll is moderately wounded.
The ball python hisses angrily.
The magic dart hits the gnoll!
The gnoll is almost dead.
The magic dart hits the gnoll.
You kill the gnoll!
A frilled lizard comes into view.
You barely miss the gnoll.
The frilled lizard hisses angrily.
You grab the gnoll.
You squeeze the gnoll, but do no damage.
You constrict the gnoll, but do no damage.
The gnoll closely misses you.
You hit the gnoll.
The gnoll is moderately wounded.
You constrict the gnoll. The gnoll hits you with a +0 club.
You hit the gnoll.
The gnoll is heavily wounded.
You constrict the gnoll. The gnoll hits you with a +0 club.
The magic dart hits the gnoll.
The gnoll is severely wounded.
You constrict the gnoll. The gnoll hits you with a +0 club.
The magic dart hits the gnoll.
You kill the gnoll!
The magic dart hits the ball python.
You kill the ball python!
The magic dart hits the gnoll but does no damage.
The gnoll is moderately wounded.
The gnoll closely misses you.
The magic dart hits the gnoll.
The gnoll is severely wounded.
The gnoll hits you with a +0 flail!
Ouch! That really hurt!
You die...

#........ .........
#........ .......!
#........ +##..$...
#........ #### .......
#......## #....
..........##.....## #....#
.l) ....##....... #....+
#g# #............
#....##+#@# #............
#.........####............
#...........##...#........
#...........##...#......#.
#........[...+..........#.
#...........##.....#....+.
####'#..............#.####.
#............#......#....#.
#............#.#+#..#......


You could see a gnoll and a frilled lizard.

Vanquished Creatures
  2 gnolls (D:2)
  An adder (D:2)
  A worm (D:2)
  3 dart slugs
  4 endoplasms
  3 giant cockroaches
  6 goblins (D:1)
  2 hobgoblins (D:2)
  6 jackals
  4 kobolds
  4 quokkas
  7 ball pythons
  5 bats
  3 frilled lizards
  3 rats
54 creatures vanquished.

Notes
Turn   | Place    | Note
-------+----------+-------------------------------------------
     0 | D:1      | raistware the Octopode Conjurer began the quest for the
                  | Orb.
     0 | D:1      | Reached XP level 1. HP: 11/11 MP: 3/3
    43 | D:1      | Found a faded altar of an unknown god.
   390 | D:1      | Reached XP level 2. HP: 17/17 MP: 2/5
   939 | D:1      | Reached XP level 3. HP: 21/21 MP: 4/7
  2056 | D:2      | Found Quttaiwk's Book Shoppe.
  2082 | D:2      | Found Moilaorch's Distillery.
  2101 | D:2      | Bought a potion of degeneration for 10 gold pieces
  2176 | D:2      | Reached XP level 4. HP: 19/27 MP: 1/9
  2416 | D:2      | Reached skill level 1 in Translocations
  2623 | D:2      | Slain by a gnoll

Illustrated notes

Levels and vault maps discovered:
D:1:      minmay_arrival_four_loops, layout_loops_corners,
          nicolae_ecumenical_snake_handling
D:2:      layout_basic, serial_shops, nicolae_shop_waterfront,
          nicolae_square_shop, item_on_display_a

Skill      XL: |  1  2  3  4 |
---------------+-------------+-----
Spellcasting   | 3 4 |  4.0
Translocations | 1 |  1.7
Dodging        | |  2.0
Stealth        | |  2.6
Conjurations   | |  4.0

Action                   |  1- 3 |  4- 6 || total
-------------------------+-------+-------++-------
Melee: Unarmed           |    25 |     2 ||    27
       Constrict         |    10 |     2 ||    12
       Tentacles         |     6 |     1 ||     7
       Punch             |     2 |       ||     2
       Staff             |       |     6 ||     6
 Cast: Magic Dart        |    84 |    21 ||   105
 Stab: Sleeping          |     2 |       ||     2
Armor: Skin              |     1 |       ||     1
Dodge: Dodged            |    19 |    10 ||    29
